 Seeded DCSS version 0.27-a0-1181-g5f64966fcc (webtiles) character file.

Game seed: 8575502810040495670 (custom seed)

501 3t5h the Cutter (level 7, -3/37 HPs)
             Began as a Vine Stalker Brigand on May 17, 2021.
             Was an Initiate of Ashenzari.
             Splashed by a kobold's acid (10 damage)
             ... on level 4 of the Dungeon.
             The game lasted 00:05:25 (2524 turns).

3t5h the Cutter (Vine Stalker Brigand)              Turns: 2524, Time: 00:05:25

Health: -3/37      AC:  2    Str: 16    XL:     7   Next: 17%
Magic:  0/8        EV: 10    Int: 11    God:    Ashenzari [......]
Gold:   231        SH:  0    Dex: 15    Spells: 6/6 levels left

rFire    . . .     SeeInvis .   i - +1 dagger (speed)
rCold    . . .     Faith    .   (no shield)
rNeg     . . .     Spirit   +   a - +0 ring mail
rPois    .         Reflect  .   (no helmet)
rElec    .         Harm     .   c - +0 cloak
rCorr    .         Rampage  .   (no gloves)
Will     +....                  (no boots)
Stlth    ++........             g - amulet of the Eye in the Sky {Regen+ Slay+3, Cun, Evo} (curse)
HPRegen  2.12/turn              l - ring of willpower
MPRegen  0.11/turn              o - ring of wizardry

@: mighty, corroded
A: fangs 2, regeneration 1, magic shield, antimagic bite, no potion heal 2
a: Renounce Religion, Curse Item, Shatter the Chains


You were on level 4 of the Dungeon.
You worshipped Ashenzari.
Ashenzari was noncommittal.
You visited 1 branch of the dungeon, and saw 4 of its levels.

You collected 231 gold pieces.

Inventory:

Hand Weapons
 i - a +1 dagger of speed (weapon)
   (You found it on level 1 of the Dungeon)
Missiles
 d - 7 poisoned darts (quivered)
 n - 2 curare-tipped darts {!f}
Armour
 a - a +0 ring mail (worn)
   (You found it on level 1 of the Dungeon)
 c - a +0 cloak (worn)
 e - a +0 pair of gloves
   (You found it on level 3 of the Dungeon)
Jewellery
 g - the cursed amulet of the Eye in the Sky (around neck) {Regen+ Slay+3, Cun, Evo}
   (You acquired it on level 1 of the Dungeon)

   [amulet of regeneration]

   It affects your accuracy and damage with ranged weapons and melee attacks
   (+3).
   It increases your rate of health regeneration.
   It has a curse which improves the following skills: Cunning: Dodging and
   Stealth.
   Evocations: Evocations.
 l - a ring of willpower (left hand)
   (You acquired it on level 3 of the Dungeon)
 o - a ring of wizardry (right hand)
   (You found it on level 4 of the Dungeon)
Scrolls
 f - 4 scrolls of identify {@r1}
 h - 3 scrolls of teleportation {@r4}
 j - 2 scrolls of fear
Potions
 b - 2 potions of cancellation
 k - a potion of might
 m - a potion of magic


   Skills:
 + Level 4.0 Fighting
 * Level 5.5 Short Blades
 - Level 1.7 Throwing
 - Level 0.7(1.0) Dodging
 - Level 4.8(5.3) Stealth
 * Level 1.4(1.8) Evocations


You had 6 spell levels left.
You didn't know any spells.
Your spell library was empty.

Dungeon Overview and Level Annotations

Branches:
Dungeon (4/15)             Temple (0/1) D:4

Altars:
Ashenzari
Nemelex Xobeh
Yredelemnul
Zin


Innate Abilities, Weirdness & Mutations

You have extremely sharp teeth.
Your natural rate of healing is unusually fast.
When hurt, damage is shared between your health and your magic reserves.
Your bite disrupts and absorbs the magic of your enemies.
Potions cannot restore your health.


Message History

You bite the endoplasm, but do no damage.
The endoplasm freezes you.
You are frozen.
You hit the endoplasm but do no damage. You bite the endoplasm.
You drain its power.
You feel invigorated.
You hit the endoplasm but do no damage.
You bite the endoplasm, but do no damage.
You hit the endoplasm but do no damage. You bite the endoplasm.
You drain its power. The endoplasm freezes you.
You are frozen.
You hit the endoplasm but do no damage.
You bite the endoplasm, but do no damage.
The endoplasm hits you.
You hit the endoplasm but do no damage.
You bite the endoplasm, but do no damage.
You barely miss the endoplasm.
You bite the endoplasm, but do no damage.
You hit the endoplasm but do no damage. The endoplasm hits you.
You hit the endoplasm.
You kill the endoplasm!
No target in view!
No target in view!
No target in view!
No target in view!
No target in view!
No target in view!
No target in view!
No target in view!
A kobold comes into view.
It is wielding a +0 short sword and carrying a wand of acid (4).
You start resting.
You start resting.
You are no longer corroded.
A kobold is nearby!
A kobold is nearby!
The kobold shouts!
The kobold zaps a wand.
The bolt of acid hits you!!
Ouch! That really hurt!
* * * LOW HITPOINT WARNING * * *
You are splashed with acid!
* * * LOW HITPOINT WARNING * * *
You aren't carrying any items that you can evoke.
Okay, then.
You feel very mighty all of a sudden.
The kobold zaps a wand.
The bolt of acid hits you.
* * * LOW HITPOINT WARNING * * *
The acid corrodes you!
You are splashed with acid!
You die...

#.#..##............##.......
##..................####.....
#............................
............................
....................#.....
#..................##....
#......K....#.......#....
#...##.....###.....##....
.##....#..@..###......#....
..............##...##.......
#..#.#(.#.##.......##.......
#.####..####...#....##......
## #...# ##..###..>#......
#....# ...># ##..#..#.#.
#...... #..... #.........
#..........#..## #.....#.#.
##............# ...#......


You could see a kobold.

Vanquished Creatures
  Sigmund (D:3)
  The ghost of voltaire321 the Chopper, an amateur MiGl (D:3)
  A phantom (D:4)
  A jelly (D:4)
  An iguana (D:4)
  5 adders
  A gnoll (D:2)
  2 adder zombies (D:3)
  An adder skeleton (D:4)
  3 worms (D:2)
  4 ball pythons
  8 endoplasms
  A giant cockroach (D:2)
  2 goblins
  6 hobgoblins
  4 bats
  5 frilled lizards
  7 kobolds
  4 rats
58 creatures vanquished.

Notes
Turn   | Place    | Note
-------+----------+-------------------------------------------
     0 | D:1      | 3t5h the Vine Stalker Brigand began the quest for the Orb.
     0 | D:1      | Reached XP level 1. HP: 11/11 MP: 2/2
   285 | D:1      | Reached skill level 2 in Short Blades
   318 | D:1      | Identified a scroll of acquirement
   318 | D:1      | Acquired the amulet of Haol {Regen+ Slay+3}
   328 | D:1      | Found a faded altar of an unknown god.
   333 | D:1      | Became a worshipper of Ashenzari the Shackled
   552 | D:1      | Reached XP level 2. HP: 15/15 MP: 3/3
  1087 | D:2      | Reached XP level 3. HP: 18/18 MP: 4/4
  1240 | D:2      | Reached skill level 3 in Short Blades
  1458 | D:2      | Gained mutation: Your natural rate of healing is unusually
                  | fast. [Vine Stalker growth]
  1458 | D:2      | Reached XP level 4. HP: 23/23 MP: 5/5
  1740 | D:3      | Acquired a ring of willpower
  1890 | D:3      | Noticed Sigmund
  1905 | D:3      | Killed Sigmund
  1906 | D:3      | Reached skill level 4 in Short Blades
  1906 | D:3      | Reached XP level 5. HP: 28/28 MP: 6/6
  1906 | D:3      | Reached XP level 6. HP: 32/32 MP: 7/7
  1984 | D:3      | Found a runed translucent gate.
  1984 | D:3      | Found a runed translucent gate.
  1984 | D:3      | Found a runed translucent gate.
  1984 | D:3      | Noticed voltaire321's ghost (amateur MiGl)
  1986 | D:3      | Found a basalt altar of Yredelemnul.
  2037 | D:3      | Killed voltaire321's ghost
  2038 | D:3      | Reached skill level 5 in Short Blades
  2123 | D:3      | Found a sparkling altar of Nemelex Xobeh.
  2336 | D:4      | Found a glowing silver altar of Zin.
  2339 | D:4      | Found a staircase to the Ecumenical Temple.
  2412 | D:4      | Reached skill level 1 in Evocations
  2412 | D:4      | Reached XP level 7. HP: 37/37 MP: 6/8
  2524 | D:4      | Splashed by a kobold's acid

Illustrated notes

Levels and vault maps discovered:
D:1:      lemuel_arrival_hallway, layout_loops_ring,
          ebering_ecumenical_altar_hall
D:2:      layout_basic, minmay_quadrilaterals
D:3:      layout_loops_ring, nicolae_yredelemnul_ghost_church,
          overflow_temple_1_default, uniq_sigmund
D:4:      layout_cave_pools, zin_academy, minmay_temple_entry_trees,
          serial_glass, glass_columns_b, glass_columns_b

Skill      XL: |  1  2  3  4  5  6 |
---------------+-------------------+-----
Short Blades   | 2 3 4 5 |  5.5
Fighting       | 2 3 4 |  4.0
Evocations     | 1 |  1.4
Throwing       | |  1.7
Dodging        | |  0.7
Stealth        | |  4.8

Action                   |  1- 3 |  4- 6 |  7- 9 || total
-------------------------+-------+-------+-------++-------
Melee: Dagger            |    74 |   115 |    23 ||   212
       Bite              |    11 |    38 |    15 ||    64
Throw: Dart              |       |     7 |       ||     7
Invok: Curse Item        |       |     1 |       ||     1
  Use: Scroll            |     1 |     1 |       ||     2
       Potion            |       |       |     1 ||     1
 Stab: Sleeping          |     6 |     5 |       ||    11
Armor: Robe              |     5 |       |       ||     5
       Ring mail         |    12 |    19 |       ||    31
Dodge: Dodged            |    31 |    22 |     2 ||    55

Table legend: (Time is in decaauts)
 A = Elapsed time spent in this place.
 B = Non-inter-level travel time spent in this place.
 C = Inter-level travel time spent in this place.
 D = Time resting spent in this place.
 E = Time spent auto-exploring this place.
 F = Levels seen in this place.
 G = Mean time per level.
                   A        B        C        D        E       F      G
               +--------+--------+--------+--------+--------+-----+--------+
         Total |   2427 |   2275 |    152 |     11 |   1826 |   4 |  606.8 |
       Dungeon |   2427 |   2275 |    152 |     11 |   1826 |   4 |  606.8 |
               +--------+--------+--------+--------+--------+-----+--------+

Top non-repeatable levels by time:
     D:1: 991 daAuts
     D:2: 703 daAuts
     D:3: 567 daAuts
     D:4: 164 daAuts
